 Dungeon Crawl Stone Soup version 0.19-a0-1732-g0b18a7b (webtiles) character file.

357 4thArraOfDagon the Slasher (level 6, 56/56 HPs)
             Began as a Minotaur Monk on Sept 30, 2016.
             Quit the game on level 5 of the Dungeon.
             The game lasted 00:05:32 (1093 turns).

4thArraOfDagon the Slasher (Minotaur Monk)          Turns: 1093, Time: 00:05:33

Health: 56/56      AC: 11    Str: 15    XL:     6   Next: 37%
Magic:  5/5        EV:  6    Int:  8    God:
Gold:   40         SH:  0    Dex: 14    Spells: 0 memorised, 5 levels left

rFire  . . .     SeeInvis .     a - +0 falchion
rCold  . . .     Gourm    .     h - +0 plate armour
rNeg   . . .     Faith    .     (no shield)
rPois  .         Spirit   .     (helmet restricted)
rElec  .         Dismiss  .     (no cloak)
rCorr  .         Reflect  .     (no gloves)
MR     .....     Harm     .     (no boots)
Stlth  ..........               (no amulet)
                                (no ring)
                                r - ring of flight

@: no status effects
A: retaliatory headbutt, horns 2
a: Evoke Flight


You were on level 5 of the Dungeon.
You were hungry.

You visited 1 branch of the dungeon, and saw 7 of its levels.

You collected 147 gold pieces.
You spent 107 gold pieces at shops.

Inventory:

Hand Weapons
 a - a +0 falchion (weapon)
Armour
 b - a +0 robe
 h - a +0 plate armour (worn)
 i - a +2 robe of cold resistance
Jewellery
 r - a ring of flight (left hand)
Wands
 p - a wand of digging (12/24)
 s - a wand of digging (15/24)
Scrolls
 e - a scroll of amnesia {unknown}
 l - 4 scrolls of identify
Potions
 d - 2 potions of ambrosia {unknown}
 f - a potion of haste {unknown}
 g - 2 potions of degeneration {unknown}
 j - a potion of lignification {unknown}
 k - 2 potions of heal wounds {unknown}
 m - 3 potions of curing
 n - a potion of agility {unknown}
 o - a potion of cancellation {unknown}
 q - a potion of berserk rage
Comestibles
 c - 4 bread rations


   Skills:
 + Level 5.1 Fighting
 * Level 6.2 Long Blades
 + Level 2.8 Armour
 + Level 4.5 Dodging
 - Level 1.5 Stealth


You had 5 spell levels left.
You didn't know any spells.

Dungeon Overview and Level Annotations

Branches:
Dungeon (7/15)
 Temple: D:4-7

Altars:
Elyvilon

Shops:
D:4 !   D:5 !

Annotations:
D:4 Eustachio


Innate Abilities, Weirdness & Mutations

You reflexively headbutt those who attack you in melee.
You have a pair of horns on your head.


Message History

The quasit disappears in a puff of smoke!
There is an open door here.
Found a short sword.
The quokka barely misses you.
The quokka twitches its whiskers.
The quokka closely misses you.
You riposte.
You slash the quokka!
You kill the quokka!
The quokka's corpse disappears in a puff of smoke!
There is a stone staircase leading down here.
Unknown command.
You climb downwards.
There is a stone staircase leading up here.
Unknown command.
Unknown command.
Found 19 stones.
Found a quarterstaff.
You see here 19 stones.
You see here a quarterstaff.
Found a helmet.
Are you sure you want to abandon this character and quit the game? (Confirm with "yes".)

.#.# #.......#
...# #.#####.####
.### #[......# .##
#. #.##....##
..####.##.##.###.#
..##......##.# #.#
..##......##.###.#
#.##......#......#
.##............@#
#.##.....##.##.#.#
..# #....)..[..#
### #.###.#.#..#
#######.###.#.#..#
.................#
.######.##.##.#.##
.# #.##.##.#.# ##
#.......#.#


There were no monsters in sight!

Vanquished Creatures
  A centaur (D:7)
  A bullfrog (D:7)
  A crimson imp (D:5)
  An orc priest (D:6)
  A hound (D:5)
  Jessica (D:3)
  A worker ant (D:5)
  A hound skeleton (D:3)
  A worker ant zombie (D:5)
  A howler monkey skeleton (D:4)
  2 shadow imps (D:5)
  4 orcs
  4 giant cockroaches
  A goblin (D:1)
  A hobgoblin (D:2)
  4 jackals (D:3)
  A quokka (D:5)
  A bat (D:3)
  3 kobolds
  2 rats (D:3)
33 creatures vanquished.

Notes
Turn   | Place    | Note
-------+----------+-------------------------------------------
     0 | D:1      | 4thArraOfDagon the Minotaur Monk began the quest for the Orb.
     0 | D:1      | Reached XP level 1. HP: 19/19 MP: 0/0
   107 | D:3      | Found a white marble altar of Elyvilon.
   130 | D:3      | Noticed Jessica
   136 | D:3      | Killed Jessica
   136 | D:3      | Reached skill level 4 in Long Blades
   136 | D:3      | Reached skill level 1 in Armour
   136 | D:3      | Reached XP level 2. HP: 18/27 MP: 1/1
   136 | D:3      | Reached XP level 3. HP: 22/33 MP: 2/2
   369 | D:4      | Noticed Eustachio
   412 | D:5      | Entered Level 5 of the Dungeon
   412 | D:5      | Found Divoxol's Distillery.
   437 | D:5      | Bought a potion of curing for 42 gold pieces
   451 | D:5      | Reached XP level 4. HP: 27/41 MP: 3/3
   495 | D:5      | Reached skill level 5 in Long Blades
   590 | D:5      | Reached XP level 5. HP: 41/47 MP: 4/4
   758 | D:7      | Reached skill level 5 in Fighting
   797 | D:7      | Noticed a centaur
   806 | D:7      | Killed a centaur
   806 | D:7      | Reached skill level 6 in Long Blades
   806 | D:7      | Reached XP level 6. HP: 31/56 MP: 5/5
   955 | D:4      | Found Sybod's Distillery.
   963 | D:4      | Bought a potion of berserk rage for 65 gold pieces
  1093 | D:5      | Quit the game

Vault maps used:
D:1:      zaba_arrival_water
D:2:      lemuel_zombie_altar_yredelemnul, kennysheep_generic_room_10
D:3:      lemuel_round_altar, serial_undead, serial_undead_c, serial_undead_d,
          serial_undead_c, serial_undead_e, uniq_jessica
D:4:      kennysheep_mini, serial_shops, shop, interstate_on_off, uniq_eustachio
D:5:      grunt_temple_overflow_lords_of_destruction, first_bread, serial_shops,
          nicolae_shop_stone
D:7:      cheibrodos_two_vegetables

Skill      XL: |  1  2  3  4  5 |
---------------+----------------+-----
Fighting       | 4 5 |  5.1
Long Blades    | 4 5 6 |  6.2
Armour         | 1 2 |  2.8
Dodging        | 4 |  4.5
Stealth        | |  1.5

Action                   |  1- 3 |  4- 6 || total
-------------------------+-------+-------++-------
Melee: Falchion          |    45 |    75 ||   120
       Headbutt          |    10 |    13 ||    23
  Use: Scroll            |       |     6 ||     6
Armor: Plate armour      |    32 |    56 ||    88
       Robe              |     2 |       ||     2
Dodge: Dodged            |    23 |    29 ||    52
